 Dungeon Crawl Stone Soup version 0.30-a0-1157-g2cc9ac7196 (webtiles) character file.

Game seed: 2010444904705523558

319 meatpath the Trooper (level 6, -1/75 HPs)
             Began as a Demonspawn Berserker on Apr 25, 2023.
             Was a Believer of Trog.
             Succumbed to an orc wizard's poison
             ... on level 3 of the Dungeon.
             The game lasted 00:07:07 (2746 turns).

meatpath the Trooper (Demonspawn Berserker)         Turns: 2746, Time: 00:07:08

Health: -1/75      AC: 15    Str: 20    XL:     6   Next: 21%
Magic:  4/6        EV:  6    Int:  8    God:    Trog [**....]
Gold:   104        SH:  3    Dex: 12    Spells: 5/5 levels left

rFire   . . .        s - +0 flail
rCold   . . .        d - +0 buckler
rNeg    . . .        l - +0 plate armour
rPois   .            (helmet restricted)
rElec   .            (no cloak)
rCorr   .            m - +2 pair of gloves
SInv    .            (no boots)
Will    .....        (no amulet) Stlth
                     (no ring)
HPRegen 0.32/turn    (no ring)
MPRegen 0.20/turn

%: guardian spirit
@: berserking, lethally poisoned (-1 -> -26), very quick
A: horns 1, rugged brown scales 1, magic shield, magic regeneration
a: Renounce Religion, Berserk, Trog's Hand


You were on level 3 of the Dungeon.
You worshipped Trog.
Trog was pleased with you.
You visited 1 branch of the dungeon, and saw 5 of its levels.

You collected 104 gold pieces.

Inventory:

Hand Weapons
 s - a +0 flail (weapon)
Armour
 d - a +0 buckler (worn)
 l - a +0 plate armour (worn)
 m - a +2 pair of gloves (worn)
Jewellery
 h - a ring of flight
 q - a ring of protection from fire
Wands
 r - a wand of roots (7)
Scrolls
 b - 2 scrolls of blinking {unknown}
 e - 2 scrolls of teleportation
 g - a scroll of fog {unknown}
 i - a scroll of fear {unknown}
 n - a scroll of enchant weapon {unknown}
 p - a scroll of silence {unknown}
 t - a scroll of poison {unknown}
Potions
 a - a potion of mutation {unknown}
 c - a potion of resistance {unknown}
 f - 4 potions of might {unknown}
 j - a potion of berserk rage {unknown}
 k - a potion of heal wounds {unknown}
 o - 2 potions of curing {unknown}


   Skills:
 + Level 4.7 Fighting
 + Level 4.2 Maces & Flails
 + Level 3.7 Armour
 - Level 1.7 Dodging


You had 5 spell levels left.
You didn't know any spells.
Your spell library was empty.

Dungeon Overview and Level Annotations

Branches:
Dungeon (5/15)
 Temple: D:4-7

Altars:


Innate Abilities, Weirdness & Mutations

You have a pair of small horns on your head.
You are partially covered in rugged brown scales. (AC +1, +3% HP)
When hurt, damage is shared between your health and your magic reserves.
You regenerate magic rapidly.


Message History

You hit something but do no damage. Your headbutt misses something.
You feel very sick.
You hear some strange, mumbled words.
A puff of flame appears from out of thin air!
The puff of flame misses you.
You miss something. Your headbutt misses something.
You feel very sick. Something hits you.
You miss something. You headbutt something.
You feel sick. Something hits you.
You barely miss something. You headbutt something.
You feel sick. You block something's attack. Something hits you.
You barely miss something.
You feel sick. Something hits you.
You are more poisoned.
You hit something.
You feel very sick.
You hear some strange, mumbled words.
A puff of flame appears from out of thin air!
The puff of flame hits you!
You miss something.
You feel sick. Something hits you.
* * * LOW HITPOINT WARNING * * *
You are more poisoned.
Something hits you but does no damage.
You are lethally poisoned!
A red film seems to cover your vision as you go berserk!
You feel yourself moving faster!
You feel mighty!
* * * LOW HITPOINT WARNING * * *
You feel very sick. Something hits you but does no damage.
You are more poisoned.
You barely miss something.
* * * LOW HITPOINT WARNING * * *
You feel very sick.
You miss something. Your headbutt misses something.
* * * LOW HITPOINT WARNING * * *
You feel very sick. Something hits you.
* * * LOW HITPOINT WARNING * * *
You are more poisoned.
You closely miss something. Your headbutt misses something.
You die...

#.....## .. #$...............
.......#
.o.o##...............<
#.....##
...oo.o.#..#..######.. ##...##
###.###.#.....# #..
##.##########.###o#.#...# #..
###.##......##...........# #..
#......####.######.......# #..
#.#.#..####.##########.### ##.
#.#.......#....†@{o......#####
#.
#.###..##.#..######..........#
#. #.###..##....#
#.####.....#### #..>........##
#.##........... #############
#.##.#.....#### #.........)#
#......##### ####...# ###.#


You could see an orc.

Vanquished Creatures
  A hound (D:3)
  2 orc priests
  Crazy Yiuf (D:2)
  Natasha (twice) (D:3)
  3 gnolls (D:3)
  3 adders
  3 worms
  2 dart slugs (D:2)
  6 orcs (D:3)
  3 ball pythons
  8 endoplasms
  4 giant cockroaches
  5 goblins
  4 hobgoblins
  9 jackals
  4 kobolds
  5 quokkas
  5 bats
  8 frilled lizards
  3 rats (D:1)
81 creatures vanquished.

Notes
Turn   | Place    | Note
-------+----------+-------------------------------------------
     0 | D:1      | meatpath the Demonspawn Berserker began the quest for the
                  | Orb.
     0 | D:1      | Reached XP level 1. HP: 18/18 MP: 1/1
   267 | D:1      | Gained mutation: You have a pair of small horns on your
                  | head. [demonic ancestry]
   267 | D:1      | Reached XP level 2. HP: 18/24 MP: 2/2
   823 | D:1      | Gained mutation: You regenerate magic rapidly. [demonic
                  | ancestry]
   823 | D:1      | Reached XP level 3. HP: 29/29 MP: 3/3
   833 | D:1      | Found a faded altar of an unknown god.
  1133 | D:2      | Found the +5 woodcutter's axe
  1162 | D:2      | Reached ** piety under Trog
  1308 | D:2      | Gained mutation: When hurt, damage is shared between your
                  | health and your magic reserves. [demonic ancestry]
  1308 | D:2      | Reached XP level 4. HP: 37/37 MP: 4/4
  1396 | D:2      | Found a runed translucent door.
  1397 | D:2      | Noticed Crazy Yiuf
  1783 | D:2      | Killed Crazy Yiuf
  2088 | D:3      | Gained mutation: You are partially covered in rugged brown
                  | scales. (AC +1, +3% HP) [demonic ancestry]
  2088 | D:3      | Reached XP level 5. HP: 26/43 MP: 2/5
  2224 | D:3      | Noticed Natasha
  2230 | D:3      | Killed Natasha
  2243 | D:3      | You fall into a shaft and drop 2 floors!
  2243 | D:5      | Entered Level 5 of the Dungeon
  2383 | D:3      | Noticed Natasha
  2393 | D:3      | Reached XP level 6. HP: 32/50 MP: 4/6
  2402 | D:3      | Killed Natasha
  2746 | D:3      | Succumbed to an orc wizard's poison

Illustrated notes

Levels and vault maps discovered:
D:1:      lightli_arrival_statue_moat, layout_loops_ring,
          hellmonk_ecumenical_altar_inner_sanctum
D:2:      layout_loops_cross, uniq_crazy_yiuf_cottage
D:3:      layout_loops_cross, hangedman_decor_points, minmay_misc_feat_columns,
          uniq_natasha
D:4:      layout_basic, nicolae_gozag_cash_rules_everything_around_me,
          marbit_many_paths, nicolae_ossuary_entry_plus, uniq_pikel
D:5:      layout_loops_ring, mainiacjoe_overflow_alcove_3

Skill      XL: |  1  2  3  4  5 |
---------------+----------------+-----
Armour         | 2 3 |  3.7
Maces & Flails | 3 4 |  4.2
Fighting       | 4 |  4.7
Dodging        | |  1.7

Action                     |  1- 3 |  4- 6 || total
---------------------------+-------+-------++-------
  Melee: Mace              |    99 |    66 ||   165
         Headbutt          |    10 |    20 ||    30
         Flail             |       |    70 ||    70
 Invoke: Berserk           |     2 |     3 ||     5
    Use: Scroll            |       |     1 ||     1
 Armour: Animal skin       |     9 |       ||     9
         Chain mail        |    21 |       ||    21
         Plate armour      |    13 |    81 ||    94
  Dodge: Dodged            |    53 |    32 ||    85
  Block: Buckler           |    13 |    22 ||    35

Table legend: (Time is in decaauts)
 A = Elapsed time spent in this place.
 B = Non-inter-level travel time spent in this place.
 C = Inter-level travel time spent in this place.
 D = Time resting spent in this place.
 E = Time spent auto-exploring this place.
 F = Levels seen in this place.
 G = Mean time per level.
                   A        B        C        D        E       F      G
               +--------+--------+--------+--------+--------+-----+--------+
         Total |   2839 |   2762 |     77 |    604 |   1476 |   5 |  567.8 |
       Dungeon |   2839 |   2762 |     77 |    604 |   1476 |   5 |  567.8 |
               +--------+--------+--------+--------+--------+-----+--------+

Top non-repeatable levels by time:
     D:1: 1098 daAuts
     D:3: 837 daAuts
     D:2: 832 daAuts
     D:4: 57 daAuts
     D:5: 13 daAuts
